 Dungeon Crawl Stone Soup version 0.29.1-14-g9c671dbff4 (webtiles) character file.

Game seed: 9335576920759723713

1 leafyfresh the Covert (level 1, -1/23 HPs)
             Began as a Gnoll Delver on Feb 13, 2023.
             Slain by a hobgoblin (6 damage)
             ... led by Robin
             ... in the Ecumenical Temple.
             The game lasted 00:00:24 (43 turns).

leafyfresh the Covert (Gnoll Delver)                  Turns: 43, Time: 00:00:25

Health: -1/23      AC:  3    Str: 11    XL:     1   Next: 20%
Magic:  1/1        EV: 13    Int:  9    God:
Gold:   0          SH:  0    Dex: 13    Spells: 0/0 levels left

rFire   . . .      SeeInvis .   a - +0 spear
rCold   . . .      Faith    .   (no shield)
rNeg    . . .      Spirit   .   b - +0 leather armour
rPois   .          Reflect  .   (no helmet)
rElec   .          Harm     .   (no cloak)
rCorr   .          Rampage  .   (no gloves)
Will    .....                   (no boots)
Stlth   ++++......              (no amulet)
HPRegen 0.07/turn               (no ring)
MPRegen 0.07/turn               (no ring)

@: no status effects
A: fangs 1, strong nose, distributed training
a: no special abilities


You were in the Ecumenical Temple.
You visited 2 branches of the dungeon, and saw 3 of its levels.

Inventory:

Hand Weapons
 a - a +0 spear (weapon)
Armour
 b - a +0 leather armour (worn)
Wands
 g - a wand of digging (3)
Scrolls
 c - a scroll of fog
 d - a scroll of magic mapping
 e - a scroll of fear
Potions
 f - a potion of haste


   Skills:
 + Level 6.4 Fighting
 + Level 0.0 Short Blades
 + Level 0.0 Long Blades
 + Level 0.0 Axes
 + Level 0.0 Maces & Flails
 + Level 4.4 Polearms
 + Level 0.0 Staves
 + Level 0.0 Ranged Weapons
 + Level 0.0 Throwing
 + Level 0.0 Armour
 + Level 4.4 Dodging
 + Level 9.5 Stealth
 + Level 0.0 Shields
 + Level 0.0 Unarmed Combat
 + Level 0.0 Spellcasting
 + Level 0.0 Conjurations
 + Level 0.0 Hexes
 + Level 0.0 Summonings
 + Level 0.0 Necromancy
 + Level 0.0 Translocations
 + Level 0.0 Transmutations
 + Level 0.0 Fire Magic
 + Level 0.0 Ice Magic
 + Level 0.0 Air Magic
 + Level 0.0 Earth Magic
 + Level 0.0 Poison Magic
 + Level 0.0 Invocations
 + Level 0.0 Evocations


You couldn't memorise any spells.
You didn't know any spells.
Your spell library was empty.

Dungeon Overview and Level Annotations

Branches:
Dungeon (5/15)             Temple (1/1) D:4

Altars:

Annotations:
D:4 Robin, Sigmund


Innate Abilities, Weirdness & Mutations

You have very sharp teeth.
Your uncanny sense of smell can sniff out nearby items.
Your experience applies equally to all skills.


Message History

The orc attacks as you move away! The orc barely misses you.
The goblin hits you with a +0 club. The hobgoblin closely misses you.
The goblin attacks as you move away! The goblin hits you with a +0 club.
The hobgoblin barely misses you. The quokka barely misses you.
Robin roars a battlecry!
The goblins go into a battle-frenzy!
The hobgoblin closely misses you.
Sigmund the Dreaded comes into view.
He is wielding a +0 scythe of venom.
Robin throws the goblin at you! The hobgoblin barely misses you.
The goblin hits you but does no damage.
The quokka bites you but does no damage.
There is a staircase to the Ecumenical Temple here.
You can't go up here!
The hobgoblin misses you.
The hobgoblin hits you but does no damage.
The hobgoblin closely misses you. The goblin barely misses you.
The quokka closely misses you.
You climb downwards.
Welcome to the Ecumenical Temple!
There is a staircase back to the Dungeon here.
Unknown command.
The hobgoblin attacks as you move away!
The hobgoblin hits you but does no damage.
The quokka attacks as you move away! The quokka barely misses you.
The goblin misses you.
The hobgoblin hits you but does no damage.
You are too injured to fight recklessly!
You are too injured to fight recklessly!
You are too injured to fight recklessly!
You are too injured to fight recklessly!
You hit the hobgoblin. Your bite misses the hobgoblin.
The hobgoblin is lightly wounded.
The hobgoblin hits you. The goblin completely misses you.
The hobgoblin barely misses you.
You hit the hobgoblin.
You bite the hobgoblin, but do no damage.
The hobgoblin is moderately wounded.
The hobgoblin barely misses you. The goblin hits you with a +0 dagger.
* * * LOW HITPOINT WARNING * * *
The hobgoblin hits you.
You die...

#####
#gg@#
#.gg#
#..r#
#...#
#...#
.+...+.
..#...#..
#+###+##
+# #. #.
.# .#


You could see a quokka, 3 hobgoblins and a goblin (strong).

Vanquished Creatures
  A goblin (D:4)
1 creature vanquished.

Notes
Turn   | Place    | Note
-------+----------+-------------------------------------------
     0 | D:5      | Reached skill level 9 in Stealth
     0 | D:5      | leafyfresh the Gnoll Delver began the quest for the Orb.
     0 | D:5      | Reached XP level 1. HP: 23/23 MP: 1/1
    17 | D:5      | Noticed an orc priest
    32 | D:4      | Noticed Robin
    32 | D:4      | Found a staircase to the Ecumenical Temple.
    38 | D:4      | Noticed Sigmund
    40 | Temple   | Entered the Ecumenical Temple
    43 | Temple   | Slain by a hobgoblin

Illustrated notes

Levels and vault maps discovered:
D:4:      layout_loops_ring, zin_angel, minmay_temple_entry_stoned_glass,
          lightli_ossuary_entry_decrepit_ruins, minmay_liquid_box, uniq_robin,
          uniq_eustachio, uniq_sigmund
D:5:      layout_loops_corners
Temple:   nicolae_temple_god_jail

Skill      XL: | |
---------------+-+-----
Stealth        | |  9.5
Fighting       | |  6.4
Polearms       | |  4.4
Dodging        | |  4.4

Action                   || total
-------------------------++-------
Melee: Spear             ||     5
       Bite              ||     1
Armor: Leather armour    ||     5
Dodge: Dodged            ||    21
